 Dungeon Crawl Stone Soup version 0.31-a0-83-gbff143cfd1 (webtiles) character file.

Game seed: 796635618305688102

201 lunkers the Digger (level 6, -1/45 HPs)
             Began as a Meteoran Earth Elementalist on May 24, 2023.
             Slain by a black bear (2 damage)
             ... on level 4 of the Dungeon.
             The game lasted 00:04:27 (1020 turns).

lunkers the Digger (Meteoran Earth Elementalist)    Turns: 1020, Time: 00:04:28

Health: -1/45      AC:  3    Str: 10    XL:     6   Next: 29%
Magic:  5/13       EV: 12    Int: 18    God:
Gold:   130        SH:  0    Dex: 15    Spells: 8/14 levels left

rFire   . . .        (no weapon)
rCold   . . .        (no shield)
rNeg    . . .        a - +0 robe
rPois   .            (no helmet)
rElec   .            (no cloak)
rCorr   .            f - +0 pair of gloves
SInv    .            (no boots)
Will    .....        (no amulet)
Stlth   +            (no ring)
HPRegen 0.27/turn    (no ring)
MPRegen 0.13/turn

%: no passive effects
@: glowing
A: sense surroundings 1, otherworldly, glowing, explore regen
a: no special abilities


You were on level 4 of the Dungeon.
You visited 1 branch of the dungeon, and saw 4 of its levels.

You collected 130 gold pieces.

Inventory:

Armour
 a - a +0 robe (worn)
 f - a +0 pair of gloves (worn)
Wands
 j - a wand of roots (9)
Scrolls
 c - a scroll of silence {unknown}
 d - a scroll of teleportation {unknown}
 g - a scroll of vulnerability {unknown}
 h - a scroll of fog {unknown}
 i - a scroll of identify {unknown}
 l - a scroll of magic mapping {unknown}
Potions
 b - a potion of magic
 e - a potion of brilliance {unknown}
 k - 2 potions of curing {unknown}


   Skills:
 - Level 2.4 Dodging
 - Level 1.4 Stealth
 + Level 4.6 Spellcasting
 - Level 1.2 Transmutations
 * Level 6.5 Earth Magic


You had 8 spell levels left.
You knew the following spells:

 Your Spells              Type           Power      Damage    Failure   Level
a - Sandblast             Erth           54%        2d13      1%          1
b - Stone Arrow           Conj/Erth      26%        3d8       14%         3
c - Passwall              Tmut/Erth      13%        N/A       5%          2

Your spell library contained the following spells:

 Spells                   Type           Power      Damage    Failure   Level
 Petrify                  Tmut/Erth      16%        N/A       34%         4
 Confusing Touch          Hex            4%         N/A       38%         3
 Portal Projectile        Hex/Tloc       4%         N/A       47%         3
 Mephitic Cloud           Conj/Pois/Air  1%         N/A       50%         3
 Sticky Flame             Conj/Fire      2%         2d3       87%         4


Dungeon Overview and Level Annotations

Branches:
Dungeon (4/15) Zot: 1337
 Temple: D:4-7

Altars:
Fedhas
Qazlal

Shops:
D:1 :*


Innate Abilities, Weirdness & Mutations

You passively map a small area around you.
You are easily found by Zot.
You glow in the dark.
You regain HP and MP as you explore.


Message History

Aiming: Sandblast (safe; 1% risk of failure)
Press: ? - help, Q - select action, (/) - cycle Shift-Dir - straight line, f - orc
Aim: an orc, wielding a +0 hand axe and wearing a +0 ring mail (85% to hit)
The blast of sand hits the orc!
You kill the orc!
The orc hits you with a +0 whip of electrocution.
* * * LOW HITPOINT WARNING * * *
You are electrocuted!
* * * LOW HITPOINT WARNING * * *
Aiming: Sandblast (safe; 1% risk of failure)
Press: ? - help, Q - select action, (/) - cycle Shift-Dir - straight line, f - black bear
Aim: a black bear (87% to hit)
The blast of sand hits the orc!
You kill the orc!
Aiming: Sandblast (safe; 1% risk of failure)
Press: ? - help, Q - select action, (/) - cycle Shift-Dir - straight line, f/p - black bear
Aim: a black bear (87% to hit)
The blast of sand misses the hobgoblin.
The blast of sand hits the black bear!
The black bear is heavily wounded.
The hobgoblin hits you.
* * * LOW HITPOINT WARNING * * *
The hobgoblin hits you.
* * * LOW HITPOINT WARNING * * *
Aiming: Sandblast (safe; 1% risk of failure)
Press: ? - help, Q - select action, (/) - cycle Shift-Dir - straight line, f/p - black bear
Aim: a black bear (heavily wounded, 87% to hit)
The blast of sand misses the hobgoblin.
The blast of sand hits the black bear!
The black bear is almost dead.
The hobgoblin hits you but does no damage.
The black bear goes berserk!
Unknown command.
Aiming: Sandblast (safe; 1% risk of failure)
Press: ? - help, Q - select action, (/) - cycle Shift-Dir - straight line, f/p - black bear
Aim: a black bear (almost dead, berserk, 87% to hit)
The blast of sand hits the hobgoblin!
You kill the hobgoblin!
The black bear bites you.
* * * LOW HITPOINT WARNING * * *
The black bear claws you.
You die...

###..... ###....., ,
#####.#..# *
##........####...
#......)..)....#
##.....##.......#
#......##........
#######h...###.........
###.#...@##.## .......##
#........##... ..#.......
#................ .......
##.)<†...................
#.......#.#.....###
#.......####.....
#.......#* #......
###......, ,... , *
........ ,


You could see a black bear (berserk).

Vanquished Creatures
  An ogre (D:4)
  An orc wizard (D:4)
  An iguana (D:4)
  10 orcs
  4 bats
  5 endoplasms
  A giant cockroach (D:3)
  4 goblins
  5 hobgoblins
  5 jackals (D:1)
  5 kobolds
  2 quokkas
  4 ball pythons
  4 frilled lizards (D:1)
  3 rats
55 creatures vanquished.

Notes
Turn   | Place    | Note
-------+----------+-------------------------------------------
     0 | D:1      | lunkers the Meteoran Earth Elementalist began the quest for
                  | the Orb.
     0 | D:1      | Reached XP level 1. HP: 14/14 MP: 5/5
    16 | D:1      | Got Sif Muna's Elucidation of Enchantment and Hurting
    29 | D:1      | Found Tariw's Assorted Antiques.
    58 | D:1      | Reached XP level 2. HP: 20/20 MP: 3/6
    76 | D:1      | Found Noujodi's Book Shop.
   107 | D:1      | Reached skill level 4 in Earth Magic
   323 | D:1      | Reached XP level 3. HP: 26/26 MP: 4/8
   870 | D:3      | Reached XP level 4. HP: 33/33 MP: 7/10
   888 | D:3      | Found a blossoming altar of Fedhas.
   891 | D:3      | Upgraded the game from 0.31-a0-75-g6fe912e8c5 to
                  | 0.31-a0-83-gbff143cfd1
   894 | D:3      | Found a stormy altar of Qazlal.
   898 | D:3      | Reached skill level 5 in Earth Magic
   906 | D:3      | Learned a level 3 spell: Stone Arrow
   909 | D:3      | Learned a level 2 spell: Passwall
   980 | D:4      | Noticed an ogre
   984 | D:4      | Killed an ogre
   985 | D:4      | Reached skill level 6 in Earth Magic
   985 | D:4      | Reached XP level 5. HP: 21/38 MP: 6/12
   988 | D:4      | Reached XP level 6. HP: 13/45 MP: 4/13
  1003 | D:4      | Noticed a black bear
  1018 | D:4      | HP: 2/45 [hobgoblin (4)]
  1020 | D:4      | Slain by a black bear

Illustrated notes

Levels and vault maps discovered:
D:1:      dpeg_arrival_connections, layout_basic, serial_shops,
          nicolae_shop_pleasant_corner_grove, nicolae_shop_tiny_glass,
          minmay_splitting_lines
D:2:      layout_loops_corners
D:3:      layout_basic, grunt_temple_overflow_forces_of_nature
D:4:      layout_cave_pools, serial_shops, shop

Skill      XL: |  1  2  3  4 |
---------------+-------------+-----
Earth Magic    | 4 6 |  6.5
Spellcasting   | 3 4 |  4.6
Dodging        | |  2.4
Stealth        | |  1.4
Transmutations | |  1.2

Action                     |  1- 3 |  4- 6 || total
---------------------------+-------+-------++-------
   Cast: Sandblast         |    48 |    36 ||    84
 Armour: Robe              |     2 |     6 ||     8
  Dodge: Dodged            |     7 |    12 ||    19

Table legend: (Time is in decaauts)
 A = Elapsed time spent in this place.
 B = Non-inter-level travel time spent in this place.
 C = Inter-level travel time spent in this place.
 D = Time resting spent in this place.
 E = Time spent auto-exploring this place.
 F = Levels seen in this place.
 G = Mean time per level.
                   A        B        C        D        E       F      G
               +--------+--------+--------+--------+--------+-----+--------+
         Total |   1060 |   1057 |      3 |      0 |    698 |   4 |  265.0 |
       Dungeon |   1060 |   1057 |      3 |      0 |    698 |   4 |  265.0 |
               +--------+--------+--------+--------+--------+-----+--------+

Top non-repeatable levels by time:
     D:1: 477 daAuts
     D:2: 298 daAuts
     D:3: 237 daAuts
     D:4: 47 daAuts
